 Dungeon Crawl Stone Soup version 0.30-a0-748-ge6a52f7cba (webtiles) character file.

Game seed: 4234003305941552444

9681 funkygono the Arsonist (level 11, -1/58 HPs)
             Began as a Gargoyle Fire Elementalist on Feb 8, 2023.
             Was a Believer of Vehumet.
             Hit by a javelin thrown by Urug (6 damage)
             ... on level 1 of the Lair of Beasts.
             The game lasted 00:20:06 (12916 turns).

funkygono the Arsonist (GrFE)                      Turns: 12916, Time: 00:20:07

Health: -1/58      AC: 18    Str: 18    XL:     11   Next: 50%
Magic:  5/25       EV: 13    Int: 20    God:    Vehumet [**....]
Gold:   941        SH:  0    Dex: 10    Spells: 14/30 levels left

rFire   . . .      SeeInvis .    l - +4 whip
rCold   . . .      Faith    .    (no shield)
rNeg    + . .      Spirit   .    q - +0 robe {Will+}
rPois   ∞          Reflect  .    (no helmet)
rElec   +          Harm     .    (no cloak)
rCorr   .          Rampage  .    G - +2 pair of gloves
Will    +....                    R - +0 pair of boots {Stlth+}
Stlth   +++                      (no amulet)
HPRegen 0.29/turn                f - +6 ring of strength
MPRegen 0.19/turn                h - +4 ring of protection

@: very slightly contaminated, studying Throwing
A: sickness immunity, AC +8, negative energy resistance 1, electricity
resistance, torment resistance 1, petrification resistance
a: Renounce Religion


You were on level 1 of the Lair of Beasts.
You worshipped Vehumet.
Vehumet was pleased with you.
You visited 3 branches of the dungeon, and saw 12 of its levels.

You collected 941 gold pieces.

Inventory:

Hand Weapons
 i - a +0 whip
 l - a +4 whip (weapon)
 p - a +2 whip of flaming
 P - a +0 demon whip of venom
Missiles
 j - a throwing net
Armour
 q - a +0 robe of willpower (worn)
 v - a +0 troll leather armour
 G - a +2 pair of gloves (worn)
 R - a +0 pair of boots of stealth (worn)
Jewellery
 f - a +6 ring of strength (left hand)
 h - a +4 ring of protection (right hand)
 u - a ring of protection from cold
 z - a ring of wizardry
 E - a +4 ring of slaying
Wands
 t - a wand of digging (4)
 x - a wand of mindburst (9)
 H - a wand of charming (7)
 L - a wand of flame (13)
 M - a wand of roots (5)
Scrolls
 b - a scroll of amnesia
 k - 2 scrolls of immolation
 o - a scroll of fog
 y - 3 scrolls of teleportation
 A - a scroll of fear
 N - a scroll of enchant armour
Potions
 c - a potion of degeneration {unknown}
 d - 3 potions of lignification
 e - 2 potions of haste
 g - 6 potions of flight
 m - a potion of brilliance {unknown}
 n - 3 potions of curing
 B - 2 potions of ambrosia
 C - 3 potions of heal wounds
 D - a potion of mutation {unknown}
 F - a potion of resistance {unknown}
 I - a potion of attraction {unknown}
 K - a potion of invisibility {unknown}


   Skills:
 + Level 2.5 Fighting
 + Level 3.6 Maces & Flails
 + Level 4.1 Dodging
 - Level 2.1 Stealth
 + Level 10.0 Spellcasting
 + Level 8.9 Conjurations
 + Level 10.0 Fire Magic
 + Level 2.2 Earth Magic


You had 14 spell levels left.
You knew the following spells:

 Your Spells              Type           Power      Damage    Failure   Level
a - Foxfire               Conj/Fire      100%       2x1d9     1%          1
b - Scorch                Fire           100%       2d10      1%          2
c - Kindle Blastsparks    Fire/Tloc/Air  46%        2d13      5%          3
d - Flame Wave            Conj/Fire      48%        2d12      1%          4
e - Stone Arrow           Conj/Erth      64%        3d11      1%          3
f - Searing Ray           Conj           90%        2d7       1%          2
g - Sandblast             Erth           38%        2d10      2%          1

Your spell library contained the following spells:

 Spells                   Type           Power      Damage    Failure   Level
 Freeze                   Ice            40%        1d6       7%          1
 Magic Dart               Conj           100%       1d8       1%          1
 Inner Flame              Hex/Fire       30%        N/A       2%          3
 Blink                    Tloc           20%        N/A       11%         2
 Ensorcelled Hibernation  Hex/Ice        20%        N/A       11%         2
 Fulminant Prism          Conj/Hex       13%        3d8       11%         4
 Spider Form              Tmut/Pois      10%        N/A       21%         3
 Animate Armour           Summ/Erth      28%        N/A       41%         4
 Anguish                  Hex/Necr       5%         N/A       56%         4
 Manifold Assault         Tloc           10%        N/A       56%         4
 Storm Form               Tmut/Air       5%         N/A       100%        7
 Lehudib's Crystal Spear  Conj/Erth      16%        10d5      100%        8


Dungeon Overview and Level Annotations

Branches:
Dungeon (10/15)            Temple (1/1) D:6            Lair (1/5) D:10
    Orc: D:9-12

Altars:
Ashenzari
Cheibriados
Dithmenos
Elyvilon
Fedhas
Gozag
Hepliaklqana
Kikubaaqudgha
Makhleb
Nemelex Xobeh
Okawaru
Qazlal
Ru
Sif Muna
Trog
Uskayaw
Vehumet
Wu Jian
Xom
Yredelemnul
Zin
The Shining One

Shops:
D:9 [

Annotations:
D:4 3 runed translucent doors, derval's ghost, amateur OpSu
Lair:1 Urug


Innate Abilities, Weirdness & Mutations

You are immune to sickness and miasma.
Your stone body is resilient. (AC +8)
You are immune to poison.
You resist negative energy. (rN+)
You are resistant to electric shocks. (rElec)
You are resistant to unholy torment.
You are immune to petrification.


Message History

Casting: Foxfire (safe; 1% risk of failure)
Confirm with . or Enter, or press ? or * to list all spells.
Flames lash Urug but do no damage.
The foxfire hits Urug.
Urug is severely wounded.
The foxfire hits Urug but does no damage.
Urug is severely wounded.
Urug closely misses you.
Unknown command.
Casting: Scorch (safe; 1% risk of failure)
Confirm with . or Enter, or press ? or * to list all spells.
You conjure some foxfire!
Urug hits you from afar with a +4 demon trident of electrocution!!
Casting: Foxfire (safe; 1% risk of failure)
Confirm with . or Enter, or press ? or * to list all spells.
Flames lash Urug but do no damage.
The foxfire hits Urug but does no damage.
Urug is severely wounded.
The foxfire hits Urug but does no damage.
Urug is severely wounded.
Urug closely misses you.
Unknown command.
Casting: Scorch (safe; 1% risk of failure)
Confirm with . or Enter, or press ? or * to list all spells.
You miscast Scorch.
You are very lightly contaminated with residual magic.
Nothing appears to happen.
Urug hits you from afar with a +4 demon trident of electrocution!
* * * LOW HITPOINT WARNING * * *
Casting: Scorch (safe; 1% risk of failure)
Confirm with . or Enter, or press ? or * to list all spells.
Flames lash Urug.
Urug is burned terribly!
Urug is severely wounded.
Urug throws a javelin.
The javelin pierces through you but does no damage.
Casting: Scorch (safe; 1% risk of failure)
Confirm with . or Enter, or press ? or * to list all spells.
Flames lash Urug.
Urug is burned terribly!
Urug is almost dead.
Urug throws a javelin.
The javelin pierces through you.
You die...

.....# ##....# P....#
#....## #.....## ..
#..o...#### #....
#.........# #....#
#..@......# #
#.....####.........# ..
........##......### .. ..
~~~~..##.#........ ..
...~
♣~....................#..
...~ ♣~.................
..#.. ...~♣
♣~............###.....#..
...~♣♣♣♣♣~..###.....###
#.....#..
...~~~~~~~..###......#
#...#.P..


You could see Urug (combustible).

Vanquished Creatures
  A two-headed ogre (D:9)
  Nergalle (Lair:1)
  Amaemon (D:10)
  Pikel (D:6)
  A black mamba (Lair:1)
  An orange demon (D:10)
  A komodo dragon (D:8)
  A troll (D:5)
  A hornet (D:9)
  Grinder (D:6)
  2 shadows
  A wraith (D:10)
  5 yaks (Lair:1)
  3 steam dragons
  4 water moccasins
  An orc warrior (D:8)
  3 ice beasts
  2 sky beasts
  4 black bears
  3 ogres
  4 wolves (Lair:1)
  2 centaurs (D:6)
  3 lemures (D:6)
  3 phantoms
  3 kobold brigands
  Blork the orc (D:6)
  7 bullfrogs
  2 necrophages
  A gnoll sergeant (D:10)
  4 scorpions
  A vampire bat (D:3)
  3 killer bees (D:9)
  2 hounds (D:5)
  2 gnoll boudas (D:8)
  8 orc priests
  4 iguanas
  3 orc wizards
  22 gnolls
  4 adders
  A shadow imp (D:7)
  A white imp (D:6)
  2 worms (D:2)
  A dart slug (D:4)
  3 fire bats (D:3)
  26 orcs
  2 spectral bats (D:3)
  3 bat skeletons (D:3)
  A bat zombie (D:3)
  5 endoplasms
  2 giant cockroaches
  2 goblins
  6 hobgoblins
  9 jackals
  20 kobolds
  2 quokkas
  5 ball pythons
  16 bats
  A bat simulacrum (D:3)
  3 frilled lizards
  4 rats
232 creatures vanquished.

Vanquished Creatures (collateral kills)
  11 foxfires
11 creatures vanquished.

Vanquished Creatures (others)
  A wizard (D:10)
  665 foxfires
  79 fungi
  56 plants
801 creatures vanquished.

Grand Total: 1044 creatures vanquished

Notes
Turn   | Place    | Note
-------+----------+-------------------------------------------
     0 | D:1      | funkygono the Gargoyle Fire Elementalist began the quest
                  | for the Orb.
     0 | D:1      | Reached XP level 1. HP: 10/10 MP: 3/3
   136 | D:1      | Reached XP level 2. HP: 15/15 MP: 1/5
   376 | D:1      | Learned a level 2 spell: Scorch
   654 | D:1      | Reached XP level 3. HP: 19/19 MP: 4/6
   658 | D:1      | Learned a level 3 spell: Kindle Blastsparks
  1372 | D:2      | Reached XP level 4. HP: 24/24 MP: 1/7
  2188 | D:3      | Reached XP level 5. HP: 23/28 MP: 4/9
  2765 | D:3      | Reached XP level 6. HP: 24/33 MP: 11/11
  2768 | D:3      | Reached skill level 1 in Maces & Flails
  3082 | D:3      | Found a faded altar of an unknown god.
  3671 | D:4      | Reached XP level 7. HP: 37/37 MP: 5/13
  3680 | D:4      | Learned a level 4 spell: Flame Wave
  3828 | D:4      | Reached skill level 1 in Fighting
  3852 | D:4      | Found an ornate altar of the Wu Jian Council.
  3936 | D:4      | Found a runed translucent gate.
  3936 | D:4      | Found a runed translucent gate.
  3936 | D:4      | Found a runed translucent gate.
  3939 | D:4      | Noticed derval's ghost (amateur OpSu)
  4303 | D:4      | Reached skill level 5 in Fire Magic
  4447 | D:5      | Entered Level 5 of the Dungeon
  4513 | D:5      | Found a hazy altar of Hepliaklqana.
  4850 | D:5      | Noticed a troll
  4856 | D:5      | Killed a troll
  4857 | D:5      | Reached XP level 8. HP: 37/43 MP: 6/15
  4943 | D:5      | Learned a level 3 spell: Stone Arrow
  4967 | D:5      | Found a broken altar of Ashenzari.
  5136 | D:5      | Reached skill level 5 in Spellcasting
  5567 | D:6      | Found a sparkling altar of Nemelex Xobeh.
  5634 | D:6      | Noticed Pikel
  5671 | D:6      | Killed Pikel
  5672 | D:6      | Reached skill level 5 in Conjurations
  5672 | D:6      | Reached XP level 9. HP: 3/47 MP: 4/18
  6144 | D:6      | Noticed Blork the orc
  6151 | D:6      | Killed Blork the orc
  6203 | D:6      | Noticed Grinder
  6211 | D:6      | Killed Grinder
  6413 | D:6      | Found a glowing golden altar of the Shining One.
  6707 | D:6      | Found a staircase to the Ecumenical Temple.
  6723 | Temple   | Entered the Ecumenical Temple
  6789 | Temple   | Became a worshipper of Vehumet
  7618 | D:7      | Learned a level 2 spell: Searing Ray
  8133 | D:7      | Reached XP level 10. HP: 53/53 MP: 10/21
  8650 | D:8      | Reached * piety under Vehumet
  8650 | D:8      | Offered knowledge of Sandblast by Vehumet.
  8809 | D:8      | Reached skill level 1 in Earth Magic
  9574 | D:9      | Found Siavva Wocu's Antique Armour Shop.
  9597 | D:9      | Found a stormy altar of Qazlal.
  9765 | D:9      | Found a blossoming altar of Fedhas.
  9944 | D:9      | Noticed a two-headed ogre
  9950 | D:9      | Killed a two-headed ogre
 10066 | D:9      | Found a shadowy altar of Dithmenos.
 10410 | D:9      | Found a white marble altar of Elyvilon.
 10750 | D:9      | Learned a level 1 spell: Sandblast
 10757 | D:10     | Entered Level 10 of the Dungeon
 10760 | D:10     | Found a bloodstained altar of Trog.
 10761 | D:10     | Noticed a wizard
 10766 | D:10     | Killed a wizard
 11135 | D:10     | Found a staircase to the Lair.
 11158 | D:10     | Reached ** piety under Vehumet
 11158 | D:10     | Offered knowledge of Freeze by Vehumet.
 11218 | D:10     | Noticed Amaemon
 11220 | D:10     | Noticed an orange demon
 11226 | D:10     | Killed an orange demon
 11227 | D:10     | Reached XP level 11. HP: 41/57 MP: 15/24
 11235 | D:10     | Killed Amaemon
 11867 | D:10     | Found a shimmering blue altar of Sif Muna.
 12189 | D:10     | Identified 2 scrolls of acquirement
 12189 | D:10     | Acquired a +0 pair of boots of stealth
 12196 | D:10     | Acquired 300 gold pieces
 12420 | Lair:1   | Entered Level 1 of the Lair of Beasts
 12519 | Lair:1   | Noticed Nergalle
 12529 | Lair:1   | Noticed a spectral orc warlord
 12534 | Lair:1   | Killed Nergalle
 12665 | Lair:1   | Reached skill level 10 in Fire Magic
 12678 | Lair:1   | Reached skill level 10 in Spellcasting
 12888 | Lair:1   | Identified the +1 robe "Futet" {-Cast Str+3 Dex-4 SInv}
 12899 | Lair:1   | Noticed Urug
 12916 | Lair:1   | Hit by a javelin thrown by Urug

Illustrated notes

Levels and vault maps discovered:
D:1:      ebering_trefoil_twist, layout_basic
D:2:      layout_basic
D:3:      layout_loops_corners, chequers_ecumenical_altar_twisty, goddamned_bats
D:4:      layout_gridville, mainiacjoe_overflow_chevrons,
          gammafunk_ghost_nasty_kobolds, kennysheep_generic_room_6
D:5:      layout_basic, overflow_temple_1_default,
          mainiacjoe_overflow_surrounded_room, amethyst_killhole, st_stairs_13,
          minivault_14, chequers_serial_rivers_micro_a, hangedman_decor_riveting
D:6:      layout_basic, mainiacjoe_overflow_alcove_1,
          mainiacjoe_overflow_concentric_impassable,
          minmay_temple_entry_offerings, minmay_manual_mares,
          uniq_blork_the_orc, uniq_grinder, uniq_pikel
D:7:      layout_loops_ring, minivault_19
D:8:      layout_loops_ring
D:9:      layout_stronghold, mainiacjoe_overflow_paths,
          mainiacjoe_overflow_six_doors_small, fedhas_altar_1,
          general_overflow_altar, serial_shops,
          nicolae_shop_competitors_out_of_business
D:10:     layout_gridville, trog_wizard, led_sif_pool,
          due_lair_maze_entry_diamond, grunt_decor_fettered,
          chequers_serial_rivers_large_b, uniq_amaemon
Temple:   jpeg_temple_clearing
Lair:1:   layout_gridlike, gammafunk_ghost_cemetery, uniq_urug, uniq_gastronok,
          uniq_nergalle

Skill      XL: |  1  2  3  4  5  6  7  8  9 10 11 |
---------------+----------------------------------+-----
Conjurations   | 2 3 4 5 6 8 |  8.9
Fire Magic     | 4 5 6 7 9 10 | 10.0
Spellcasting   | 3 4 6 7 9 10 | 10.0
Dodging        | 2 3 4 |  4.1
Maces & Flails | 1 2 3 |  3.6
Fighting       | 1 2 |  2.5
Earth Magic    | 2 |  2.2
Stealth        | |  2.1

Action                     |  1- 3 |  4- 6 |  7- 9 | 10-12 || total
---------------------------+-------+-------+-------+-------++-------
  Melee: Unarmed           |    26 |       |       |       ||    26
         Whip              |     1 |   117 |    26 |    47 ||   191
         Punch             |       |       |       |     2 ||     2
   Cast: Foxfire           |    64 |    57 |   130 |   147 ||   398
         Scorch            |     4 |    11 |    32 |    31 ||    78
         Flame Wave        |       |       |     4 |    18 ||    22
         Stone Arrow       |       |       |     7 |    34 ||    41
    Use: Scroll            |       |       |     9 |     9 ||    18
         Potion            |       |       |       |     1 ||     1
   Stab: Sleeping          |       |     1 |       |       ||     1
         Distracted        |       |     1 |       |       ||     1
 Armour: Robe              |    26 |   120 |    35 |    62 ||   243
  Dodge: Dodged            |    58 |   159 |    43 |    89 ||   349

Table legend: (Time is in decaauts)
 A = Elapsed time spent in this place.
 B = Non-inter-level travel time spent in this place.
 C = Inter-level travel time spent in this place.
 D = Time resting spent in this place.
 E = Time spent auto-exploring this place.
 F = Levels seen in this place.
 G = Mean time per level.
                   A        B        C        D        E       F      G
               +--------+--------+--------+--------+--------+-----+--------+
         Total |  12967 |  12737 |    230 |    499 |  10176 |  12 | 1080.6 |
       Dungeon |  12310 |  12096 |    214 |    340 |   9910 |  10 | 1231.0 |
        Temple |    162 |    146 |     16 |      0 |    128 |   1 |  162.0 |
          Lair |    494 |    494 |      0 |    159 |    138 |   1 |  494.0 |
               +--------+--------+--------+--------+--------+-----+--------+

Top non-repeatable levels by time:
     D:6: 1719 daAuts
    D:10: 1566 daAuts
     D:9: 1326 daAuts
     D:4: 1227 daAuts
     D:3: 1190 daAuts
     D:8: 1183 daAuts
     D:2: 1152 daAuts
     D:7: 1068 daAuts
     D:5: 992 daAuts
     D:1: 883 daAuts
  Lair:1: 494 daAuts
  Temple: 162 daAuts
